 Dungeon Crawl Stone Soup version 0.24.1 (webtiles) character file.

Game seed: 5177607062534680124, levelgen mode: deterministic

39 loran1212 the Shield-Bearer (level 3, 0/23 HPs)
             Began as a Gargoyle Fighter on Mar 30, 2020.
             Slain by Natasha (6 damage)
             ... on level 2 of the Dungeon.
             The game lasted 00:06:49 (1087 turns).

loran1212 the Shield-Bearer (Gargoyle Fighter)      Turns: 1087, Time: 00:06:50

Health: 0/23       AC: 11    Str: 20    XL:     3   Next: 47%
Magic:  3/3        EV:  7    Int:  8    God:
Gold:   44         SH:  9    Dex:  9    Spells: 2/2 levels left

rFire    . . .     SeeInvis .   a - +0 flail
rCold    . . .     Gourm    .   c - +0 shield
rNeg     + . .     Faith    .   b - +0 scale mail
rPois    ∞         Spirit   .   (no helmet)
rElec    +         Reflect  .   (no cloak)
rCorr    .         Harm     .   i - +0 pair of gloves
MR       .....                  (no boots)
Stlth    ..........             (no amulet)
HPRegen  0.07/turn              (no ring)
MPRegen  0.08/turn              (no ring)

@: no status effects
A: negative energy resistance 1, electricity resistance, unbreathing,
petrification resistance, rot immunity, AC +3
a: no special abilities


You were on level 2 of the Dungeon.
You were hungry.

You visited 1 branch of the dungeon, and saw 3 of its levels.

You collected 44 gold pieces.

Inventory:

Hand Weapons
 a - a +0 flail (weapon)
Armour
 b - a +0 scale mail (worn)
 c - a +0 shield (worn)
 i - a +0 pair of gloves (worn)
Scrolls
 e - a scroll of teleportation {unknown}
 g - 4 scrolls of identify {unknown}
Potions
 d - a potion of might
Comestibles
 f - 3 rations
 h - a chunk of flesh


   Skills:
 + Level 3.5 Fighting
 * Level 2.9 Maces & Flails
 + Level 3.6 Armour
 + Level 3.7 Shields


You had 2 spell levels left.
You didn't know any spells.
Your spell library was empty.

Dungeon Overview and Level Annotations

Branches:
Dungeon (3/15)

Altars:

Annotations:
D:2 Natasha


Innate Abilities, Weirdness & Mutations

You are resistant to torment.
Your stone body is resilient. (AC +3)
You are immune to poison.
You resist negative energy. (rN+)
You are resistant to electric shocks. (rElec)
You can survive without breathing.
You are immune to petrification.
You are immune to rotting.


Message History

Natasha barely misses you. The bat hits you but does no damage.
You closely miss Natasha. You block the bat's attack.
The shadow imp hits you but does no damage.
Natasha claws you. The crimson imp barely misses you.
You block the shadow imp's attack. Natasha claws you but does no damage.
You closely miss Natasha. You block the bat's attack.
The crimson imp barely misses you. The shadow imp gestures at you.
You are unaffected.
Natasha claws you.
* * * LOW HITPOINT WARNING * * *
You hit Natasha.
Natasha is moderately wounded.
The crimson imp disappears in a puff of smoke!
You block the bat's attack. The shadow imp gestures at you.
You barely resist. You block Natasha's attack.
You closely miss Natasha.
Natasha is moderately wounded.
The shadow imp barely misses you. Natasha claws you.
You die...

#...............>#########.#.
##.....#.#.#.#...# #.##
##..............# #.##
##...#.#.#.#.#.# #.#
##+.........#.# #..
..#.#.#.#.#.# ###
(.........#.# ..#.#.#.#.#.#
......h@5...# .....#b######
.....#. .....#. #... .. ###
##


You could see Natasha, a shadow imp and a bat.

Vanquished Creatures
  An adder (D:2)
  An ooze (D:1)
  A dart slug (D:1)
  A leopard gecko (D:1)
  3 bats (D:1)
  A giant cockroach (D:2)
  A goblin (D:1)
  4 hobgoblins (D:1)
  3 kobolds (D:1)
  A quokka (D:2)
  A frilled lizard (D:1)
  4 rats (D:1)
  A plant (D:1)
23 creatures vanquished.

Notes
Turn   | Place    | Note
-------+----------+-------------------------------------------
     0 | D:1      | loran1212 the Gargoyle Fighter began the quest for the Orb.
     0 | D:1      | Reached XP level 1. HP: 14/14 MP: 1/1
   395 | D:1      | Reached XP level 2. HP: 19/19 MP: 2/2
   697 | D:1      | Reached XP level 3. HP: 14/23 MP: 3/3
  1072 | D:2      | Noticed Natasha
  1087 | D:2      | Slain by Natasha

Levels and vault maps discovered:
D:1:      saegor_arrival_under_anarchy, layout_basic,
          hangedman_decor_clover_reticule, minmay_stone_trees_medium,
          minmay_misc_feat_chi
D:2:      layout_loops_corners, makhleb_grotto_becter, serial_glass,
          glass_columns_a, glass_columns_a, glass_columns_b, glass_columns_c,
          glass_columns_a, minivault_25, kennysheep_boxes, uniq_jessica,
          uniq_crazy_yiuf_cottage, uniq_natasha
D:3:      layout_rooms, first_ration

Action                   || total
-------------------------++-------
Melee: Flail             ||   138
Armor: Scale mail        ||   102
Dodge: Dodged            ||    59
Block: Shield            ||    89
